cohdb
Replays
Latest Replays
All Replays
Popular Replays
Top Player Replays
Match Explorer
How It Works
Community
CoH3 Stats
Reddit
Sign in to upload your games and track your stats! →
Sign in with Steam
Match 42723089
Unlisted
Match 42723089
Overview
Messages
Build Orders
End
Royal Engineer Section
Construct Section Command Post
Dingo Light Scout Car
Infantry Section
Infantry Section
Construct Platoon Command Post
Unlock Bishop Self-propelled Artillery
Selects Air and Sea Battlegroup
Selects Supply Surplus
Construct Resource Cache
Bishop Self-propelled Artillery
Construct Resource Cache
Construct Resource Cache
Infantry Training
Light Vehicle Training
Construct Company Command Post
Selects Commando Section Paradrop
Selects Commando Support Section Paradrop
Commando Section Paradrop
Construct Company Command Post
Crusader II Medium Tank
Armored Vehicle Training
Selects UNKNOWN (223837)
Foot Guards Section
Grenade Package
Crusader II Medium Tank
Crusader II Medium Tank
3nder
PAX AJAX
Saueee
Marci.
0
0
Comments
sign in to comment!
No comments posted yet!